 Dungeon Crawl Stone Soup version 0.29.1-15-g9cfb28693d (webtiles) character file.

Game seed: 6047028663005878967

5 Silvore the Shield-Bearer (level 1, -1/22 HPs)
             Began as a Troll Fighter on May 1, 2023.
             Frozen to death by an endoplasm (4 damage)
             ... on level 1 of the Dungeon.
             The game lasted 00:00:17 (84 turns).

Silvore the Shield-Bearer (Troll Fighter)             Turns: 84, Time: 00:00:18

Health: -1/22      AC:  4    Str: 23    XL:     1   Next: 66%
Magic:  0/0        EV:  8    Int:  4    God:
Gold:   0          SH:  7    Dex:  9    Spells: 0/0 levels left

rFire   . . .      SeeInvis .   a - +0 long sword
rCold   . . .      Faith    .   c - +0 kite shield
rNeg    . . .      Spirit   .   b - +0 robe
rPois   .          Reflect  .   (helmet restricted)
rElec   .          Harm     .   (no cloak)
rCorr   .          Rampage  .   (gloves unavailable)
Will    .....                   (boots unavailable)
Stlth   +.........              (no amulet)
HPRegen 0.87/turn               (no ring)
MPRegen 0.07/turn               (no ring)

@: no status effects
A: large, unfitting armour, claws 3, regeneration 1, shaggy fur 1, tough skin 1
a: no special abilities


You were on level 1 of the Dungeon.
You visited 1 branch of the dungeon, and saw 1 of its levels.

Inventory:

Hand Weapons
 a - a +0 long sword (weapon)
Armour
 b - a +0 robe (worn)
 c - a +0 kite shield (worn)
Jewellery
 f - a ring of wizardry
Potions
 d - a potion of might
 e - a potion of flight {unknown}


   Skills:
 + Level 2.5 Fighting
 + Level 1.6 Long Blades
 + Level 2.5 Dodging
 + Level 2.8 Shields


You couldn't memorise any spells.
You didn't know any spells.
Your spell library was empty.

Dungeon Overview and Level Annotations

Branches:
Dungeon (1/15)

Altars:


Innate Abilities, Weirdness & Mutations

You are too large for most types of armour.
You have claws for hands.
Your natural rate of healing is unusually fast.
You are covered in fur. (AC +1)
You have tough skin. (AC +1)


Message History

The endoplasm freezes you.
You are frozen.
You hit the quokka.
The quokka is almost dead.
The bat hits you but does no damage. You block the bat's attack.
The quokka barely misses you. The endoplasm freezes you.
You are frozen.
You block the bat's attack. The quokka bites you.
You closely miss the quokka.
The quokka is almost dead.
The bat hits you but does no damage. You block the bat's attack.
The endoplasm hits you. You block the quokka's attack.
The bat hits you but does no damage. The endoplasm freezes you.
You are frozen.
The quokka barely misses you.
You slash the quokka!
You kill the quokka!
The bat hits you. The bat hits you but does no damage.
The endoplasm barely misses you. The bat hits you but does no damage.
You barely miss the bat. The bat barely misses you. x2
The endoplasm jiggles.
The endoplasm freezes you.
You are frozen.
The bat hits you.
* * * LOW HITPOINT WARNING * * *
The endoplasm closely misses you.
You closely miss the bat. The bat hits you.
* * * LOW HITPOINT WARNING * * *
The bat barely misses you. The endoplasm freezes you.
You are frozen.
* * * LOW HITPOINT WARNING * * *
The bat hits you but does no damage.
You barely miss the endoplasm. The bat closely misses you.
The endoplasm hits you but does no damage.
The bat closely misses you. You block the endoplasm's attack.
You barely miss the endoplasm. You block the bat's attack. The bat hits you.
* * * LOW HITPOINT WARNING * * *
The endoplasm freezes you.
You are frozen.
You die...

##.# #### #..#. ####...
... ..... #. .... ..#
#..## # # #. #..#
#.####...> #.#.#.##..#
#.#....# .........#
#.#.#### .#.#.
#.##.####.†.######
......#b................
#)@.....###'###....
......J#.....#8...8#....
[#.#.###..#..##.#.##..#.
.. #.###.#8.#.8#.### #.
#.# #.##.#.##.### .. #..
..#8.#.8#..#. . #..
..##.#.##.... ###
##8...8#####
8#8#8#...#8#8#8


You could see an endoplasm and a bat.

Vanquished Creatures
  An endoplasm (D:1)
  A giant cockroach (D:1)
  A quokka (D:1)
  A kobold (D:1)
  A rat (D:1)
5 creatures vanquished.

Notes
Turn   | Place    | Note
-------+----------+-------------------------------------------
     0 | D:1      | Silvore the Troll Fighter began the quest for the Orb.
     0 | D:1      | Reached XP level 1. HP: 22/22 MP: 0/0
    82 | D:1      | HP: 1/22 [frozen (5)]
    84 | D:1      | Frozen to death by an endoplasm

Illustrated notes

Levels and vault maps discovered:
D:1:      heliophobic_arrival_ceremonial_halls, layout_loops_ring, st_stairs_10,
          amcnicky_mini_rare_corridor_liquid

Action                   || total
-------------------------++-------
Melee: Long sword        ||    26
Armor: Robe              ||    20
Dodge: Dodged            ||    22
Block: Kite shield       ||    20
